 Dungeon Sprint DCSS version 0.22-a0-877-g5c4e1af (webtiles) character file.

17614 Brynnhild the Fencer (level 12, -14/81 HPs)
             Began as a Tengu Monk on July 29, 2018.
             Was the Champion of Cheibriados.
             Demolished by Donald
             ... wielding a +5 long sword of slicing
              (26 damage)
             ... in the Dungeon (Sprint IX: "|||||||||||||||||||||||||||||").
             The game lasted 00:06:48 (2375 turns).

Brynnhild the Fencer (Tengu Monk)                   Turns: 2375, Time: 00:06:49

Health: -14/81     AC: 21    Str: 29    XL:     12   Next: 49%
Magic:  24/25      EV: 21    Int: 25    God:    Cheibriados [******]
Gold:   1483       SH: 17    Dex: 37    Spells: 11/11 levels left

rFire    . . .     SeeInvis .   n - +2 scimitar (holy)
rCold    + . .     Gourm    .   y - +0 large shield
rNeg     + . .     Faith    .   D - +4 chain mail {rC+}
rPois    +         Spirit   .   (helmet restricted)
rElec    .         Reflect  .   E - +2 ratskin cloak {+Rats rPois rN+ Str-1 Int-1 Dex+1}
rCorr    .         Harm     .   m - +0 pair of gloves
MR       .....     NoTele   +   (boots unavailable)
Stlth    ..........             (no amulet)
HPRegen  0.23/turn              r - +3 ring of strength
MPRegen  0.19/turn              q - +2 ring of protection

@: flying quickly and evasively, very slow
A: beak, talons 3, able to fly 1
a: Bend Time, Temporal Distortion, Slouch, Step From Time, Renounce Religion,
Evoke Ratskin


You were in the Dungeon.
You worshipped Cheibriados.
Cheibriados was exalted by your worship.
You were not hungry.

You visited 1 branch You collected 1900 gold pieces.
You spent 417 gold pieces at shops.

Inventory:

Hand Weapons
 a - a +0 falchion
 n - a +2 scimitar of holy wrath (weapon)
Missiles
 u - 7 javelins (quivered)
Armour
 b - a +0 robe
 m - a +0 pair of gloves (worn)
 o - a +0 pair of boots
 p - a +2 ring mail
 s - a +0 cloak
 y - a +0 large shield (worn)
 D - a +4 chain mail of cold resistance (worn)
 E - the +2 ratskin cloak (worn) {+Rats rPois rN+ Str-1 Int-1 Dex+1}
   (You found it in the Dungeon)

   It affects your strength (-1).
   It affects your intelligence (-1).
   It affects your dexterity (+1).
   It protects you from poison.
   It protects you from negative energy.
Jewellery
 q - a +2 ring of protection (right hand)
 r - a +3 ring of strength (left hand)
 z - an uncursed ring of protection from fire
 B - an uncursed ring of poison resistance
 C - an uncursed ring of protection from magic
Wands
 l - a wand of acid (3)
Scrolls
 i - 2 scrolls of blinking
 j - 7 scrolls of remove curse
 k - 2 scrolls of amnesia
 v - 5 scrolls of enchant armour
 w - 3 scrolls of fog
 x - 2 scrolls of enchant weapon
 A - a scroll of brand weapon
Potions
 d - 7 potions of curing
 e - 15 potions of heal wounds
 f - 2 potions of haste
 g - 4 potions of magic
 h - a potion of invisibility
 t - a potion of resistance
Comestibles
 c - 12 rations
 F - 3 chunks of flesh


   Skills:
 + Level 12.3 Fighting
 + Level 18.6 Long Blades
 + Level 7.7 Armour
 + Level 12.2 Dodging
 - Level 2.0 Stealth
 + Level 2.4 Shields
 * Level 16.8 Invocations


You had 11 spell levels left.
You didn't know any spells.
Your spell library was empty.

Dungeon Overview and Level Annotations

Branches:
Dungeon (1/1)

Altars:
Cheibriados
Dithmenos
Elyvilon
Fedhas
Gozag
Hepliaklqana
Kikubaaqudgha
Makhleb
Nemelex Xobeh
Okawaru
Qazlal
Ru
Sif Muna
Trog
Uskayaw
Vehumet
Wu Jian
Xom
Yredelemnul
Zin
The Shining One
Beogh
Jiyva
Lugonu

Shops:
D ***(

Annotations:
D Donald


Innate Abilities, Weirdness & Mutations

You have a beak for a mouth.
You have claws for feet.
You can fly.


Message History

Donald is moderately wounded.
You block Donald's attack.
You slash Donald! You claw Donald, but do no damage.
Donald is heavily wounded.
You block Donald's attack. Donald blocks your attack.
Your kick misses Donald. You peck Donald, but do no damage.
Donald is heavily wounded.
Donald completely misses you.
You riposte.
You hit Donald but do no damage. You claw Donald. You peck Donald.
Donald is severely wounded.
You closely miss Donald. Donald blocks your attack.
You peck Donald, but do no damage.
Donald is severely wounded.
Donald says, "Quick, run away!"
You block Donald's attack.
You hit Donald but do no damage. You claw Donald! Your peck misses Donald.
Donald is severely wounded.
Donald hits you with a long sword of slicing!!
You die...

.................................
▓▓▓▓▓▓▓▓▓▓▓▓▓▓▓▓▓▓▓▓▓▓▓▓▓▓▓▓▓▓▓▓▓
.....).))[)).)).)).)))).))......)
▓▓▓▓▓▓▓▓▓▓▓▓▓▓▓▓▓▓▓▓▓▓▓▓▓▓▓▓▓▓▓▓▓
.................................
▓▓▓▓▓▓▓▓▓▓▓▓▓▓▓▓▓▓▓▓▓▓▓▓▓▓▓▓▓▓▓▓▓
.'=....)))))))).[[..[[[[.!...(...
▓▓▓▓▓▓▓▓▓▓▓▓▓▓▓▓▓▓▓▓▓▓▓▓▓▓▓▓▓▓▓▓▓
......@@...)............
▓▓▓▓▓▓▓▓▓▓▓▓▓▓▓▓▓▓♣♣♣♣♣♣


You could see Donald.

Vanquished Creatures
  Frances (D)
  A frost giant (D)
  2 centaur warriors (D)
  2 deep troll shamans (D)
  An ogre mage (D)
  A two-headed ogre (D)
  A deep troll earth mage (D)
  An orc knight (D)
  7 orc sorcerers (D)
  A cyclops (D)
  A deep elf mage (D)
  4 komodo dragons (D)
  A meliai (D)
  A troll (D)
  A slime creature (D)
  2 blink frogs (D)
  3 hippogriffs (D)
  3 yaks (D)
  Eustachio (D)
  A golden eye (shapeshifter) (D)
  2 wargs (D)
  A soldier ant (D)
  A water moccasin (D)
  3 porcupines (D)
  A hell hound (D)
  A black bear (D)
  10 orc warriors (D)
  2 ice beasts (D)
  5 wolves (D)
  A crocodile (D)
  2 bullfrogs (D)
  A scorpion (D)
  A wight (D)
  2 crimson imps (D)
  A gnoll shaman (D)
  An orc priest (D)
  11 orc wizards (D)
  A worker ant (D)
  An adder skeleton (D)
  11 orcs (D)
  A bat (D)
  A bat zombie (D)
  A giant cockroach (D)
  2 hobgoblins (D)
  A jackal (D)
  A goblin (D)
  A leopard gecko skeleton (D)
103 creatures vanquished.

Notes
Turn   | Place    | Note
-------+----------+-------------------------------------------
     0 | D        | Brynnhild the Tengu Monk began the quest for the Orb.
     0 | D        | Reached XP level 1. HP: 14/14 MP: 2/2
     7 | D        | Reached skill level 4 in Long Blades
   255 | D        | Noticed a scorpion
   259 | D        | Reached XP level 2. HP: 19/19 MP: 3/3
   263 | D        | Killed a scorpion
   263 | D        | Reached skill level 6 in Long Blades
   263 | D        | Reached XP level 3. HP: 24/24 MP: 4/4
   264 | D        | Reached skill level 5 in Dodging
   264 | D        | Reached XP level 4. HP: 30/30 MP: 5/5
   267 | D        | Reached skill level 7 in Long Blades
   317 | D        | Found a roughly hewn altar of Beogh.
   317 | D        | Found a snail-covered altar of Cheibriados.
   317 | D        | Found a shadowy altar of Dithmenos.
   317 | D        | Found a white marble altar of Elyvilon.
   317 | D        | Found a blossoming altar of Fedhas.
   317 | D        | Found an opulent altar of Gozag.
   318 | D        | Found a hazy altar of Hepliaklqana.
   319 | D        | Found a viscous altar of Jiyva.
   320 | D        | Found an ancient bone altar of Kikubaaqudgha.
   321 | D        | Became a worshipper of Cheibriados the Contemplative
   321 | D        | Reached * piety under Cheibriados
   321 | D        | Reached ** piety under Cheibriados
   322 | D        | Found a corrupted altar of Lugonu.
   323 | D        | Found a burning altar of Makhleb.
   324 | D        | Found a sparkling altar of Nemelex Xobeh.
   325 | D        | Found an iron altar of Okawaru.
   326 | D        | Found a stormy altar of Qazlal.
   327 | D        | Found a sacrificial altar of Ru.
   328 | D        | Found a deep blue altar of Sif Muna.
   329 | D        | Found a bloodstained altar of Trog.
   330 | D        | Found a hide-covered altar of Uskayaw.
   331 | D        | Found a radiant altar of Vehumet.
   332 | D        | Found an ornate altar of the Wu Jian Council.
   333 | D        | Found a shimmering altar of Xom.
   334 | D        | Found a basalt altar of Yredelemnul.
   335 | D        | Found a glowing silver altar of Zin.
   336 | D        | Found a glowing golden altar of the Shining One.
   412 | D        | Noticed a bullfrog
   412 | D        | Noticed an ice beast
   412 | D        | Noticed a black bear
   417 | D        | Killed a bullfrog
   417 | D        | Reached skill level 5 in Fighting
   417 | D        | Reached skill level 8 in Long Blades
   417 | D        | Reached skill level 1 in Invocations
   417 | D        | Gained mutation: You can fly. [Tengu growth]
   417 | D        | Reached XP level 5. HP: 35/35 MP: 5/7
   417 | D        | Reached *** piety under Cheibriados
   417 | D        | Reached skill level 9 in Long Blades
   419 | D        | Killed an ice beast
   419 | D        | Reached skill level 10 in Long Blades
   419 | D        | Reached XP level 6. HP: 42/42 MP: 5/9
   421 | D        | Killed a black bear
   421 | D        | Reached **** piety under Cheibriados
   421 | D        | Reached skill level 11 in Long Blades
   458 | D        | Noticed a centaur warrior
   458 | D        | Noticed a troll
   458 | D        | Noticed an ice beast
   460 | D        | Reached ***** piety under Cheibriados
   460 | D        | Reached XP level 7. HP: 48/48 MP: 6/11
   461 | D        | Killed a centaur warrior
   461 | D        | Reached skill level 13 in Long Blades
   461 | D        | Reached skill level 5 in Invocations
   461 | D        | Reached XP level 8. HP: 55/55 MP: 1/13
   464 | D        | Killed a troll
   464 | D        | Reached skill level 14 in Long Blades
   577 | D        | Noticed a blink frog
   577 | D        | Noticed a yak
   577 | D        | Noticed a komodo dragon
   577 | D        | Noticed a komodo dragon
   577 | D        | Noticed a yak
   580 | D        | Killed a blink frog
   580 | D        | Reached skill level 1 in Armour
   583 | D        | Killed a yak
   583 | D        | Reached XP level 9. HP: 60/60 MP: 10/14
   585 | D        | Killed a komodo dragon
   585 | D        | Reached skill level 15 in Long Blades
   585 | D        | Reached skill level 10 in Dodging
   587 | D        | Killed a komodo dragon
   590 | D        | Reached ****** piety under Cheibriados
   590 | D        | Noticed a komodo dragon
   592 | D        | Reached skill level 10 in Fighting
   593 | D        | Reached skill level 16 in Long Blades
   597 | D        | Killed a komodo dragon
   855 | D        | Noticed a komodo dragon
   859 | D        | Reached XP level 10. HP: 61/68 MP: 7/16
   860 | D        | Reached skill level 17 in Long Blades
  1006 | D        | Noticed an orc knight
  1016 | D        | Killed an orc knight
  1112 | D        | Reached skill level 10 in Invocations
  1113 | D        | Reached skill level 18 in Long Blades
  1125 | D        | Reached XP level 11. HP: 44/74 MP: 8/19
  1338 | D        | Found Ylud's General Store.
  1338 | D        | Noticed an orc sorcerer
  1338 | D        | Noticed an orc sorcerer
  1339 | D        | Noticed an orc sorcerer
  1340 | D        | Paralysed by an orc sorcerer for 7 turns
  1341 | D        | Noticed an orc sorcerer
  1344 | D        | Noticed a sixfirhy
  1345 | D        | Noticed an orc sorcerer
  1347 | D        | Killed an orc sorcerer
  1347 | D        | Killed an orc sorcerer
  1347 | D        | Killed an orc sorcerer
  1348 | D        | Killed an orc sorcerer
  1348 | D        | Killed an orc sorcerer
  1536 | D        | Found Ichiplo's General Store.
  1540 | D        | Found Qygihic's General Store.
  1543 | D        | Found Kusm's Weapon Shoppe.
  1545 | D        | Noticed an orc sorcerer
  1546 | D        | Noticed an orc sorcerer
  1550 | D        | Killed an orc sorcerer
  1551 | D        | Killed an orc sorcerer
  1551 | D        | Reached skill level 5 in Armour
  1596 | D        | Bought a +0 large shield for 49 gold pieces
  1596 | D        | Bought a scroll of brand weapon for 220 gold pieces
  1596 | D        | Bought a scroll of enchant armour for 82 gold pieces
  1596 | D        | Bought a potion of curing for 33 gold pieces
  1596 | D        | Bought a potion of curing for 33 gold pieces
  1713 | D        | Found the +2 ratskin cloak {+Rats rPois rN+ Str-1 Int-1 Dex+1}
  1771 | D        | Noticed a deep elf mage
  1771 | D        | Noticed a cyclops
  1771 | D        | Noticed a two-headed ogre
  1774 | D        | Killed a deep elf mage
  1775 | D        | Killed a two-headed ogre
  1776 | D        | Noticed a deep troll shaman
  1776 | D        | Noticed an ogre mage
  1778 | D        | Killed a cyclops
  1778 | D        | Noticed a deep troll earth mage
  1786 | D        | Killed a deep troll shaman
  1789 | D        | Killed an ogre mage
  1791 | D        | Killed a deep troll earth mage
  1791 | D        | Reached skill level 1 in Shields
  1791 | D        | Reached skill level 15 in Invocations
  1791 | D        | Reached XP level 12. HP: 50/81 MP: 2/24
  1926 | D        | Noticed a deep troll shaman
  1927 | D        | Noticed a centaur warrior
  1927 | D        | Noticed a frost giant
  1934 | D        | Killed a deep troll shaman
  1934 | D        | Killed a centaur warrior
  1938 | D        | Killed a frost giant
  2268 | D        | Noticed Frances
  2268 | D        | Noticed Eustachio
  2269 | D        | Noticed a sun demon
  2272 | D        | Killed Eustachio
  2280 | D        | Killed Frances
  2362 | D        | Noticed Donald
  2375 | D        | Demolished by Donald

Vault maps used:
D:        linesprint

Skill      XL: |  1  2  3  4  5  6  7  8  9 10 11 12 |
---------------+-------------------------------------+-----
Long Blades    | 4 6 8 10 11 13 14 16 18 | 18.6
Fighting       | 4 5 6 7 8 9 10 11 12 | 12.3
Dodging        | 4 5 6 7 8 9 10 11 12 | 12.2
Invocations    | 1 3 4 5 6 7 10 15 16 | 16.8
Armour         | 1 2 3 6 7 |  7.7
Shields        | 1 2 |  2.4
Stealth        | |  2.0

Action                   |  1- 3 |  4- 6 |  7- 9 | 10-12 || total
-------------------------+-------+-------+-------+-------++-------
Melee: Falchion          |    17 |     3 |       |       ||    20
       Kick              |     3 |     3 |     9 |    49 ||    64
       Scimitar          |       |     3 |    15 |    79 ||    97
       Peck              |       |     1 |     6 |    36 ||    43
Invok: Slouch            |       |       |     4 |    21 ||    25
 Abil: Fly               |       |     1 |     2 |     6 ||     9
Evoke: Wand              |       |     5 |     2 |       ||     7
  Use: Potion            |     1 |       |       |     1 ||     2
  Eat: Chunk             |       |       |       |     6 ||     6
Armor: Robe              |     2 |       |       |       ||     2
       Ring mail         |       |     5 |     4 |    12 ||    21
       Chain mail        |       |       |       |     7 ||     7
Dodge: Dodged            |     8 |    10 |    19 |    60 ||    97
Block: Large shield      |       |       |       |    25 ||    25
       Rpst.: Falchion   |     1 |       |       |       ||     1
       Scimitar          |       |     4 |     6 |     9 ||    19

Table legend:
 A = Spawn XP
 B = Non-spawn XP
 C = Spawn XP percentage of total XP
 D = Spawn monster count
 E = Non-spawn monster count
 F = Spawn count percentage of total count
 G = Total turns spent on level
                    A         B        C        D         E        F      G
               +---------+---------+-------+---------+---------+-------+---------
         Total |       0 |   25163 |   0.0 |       0 |     103 |   0.0 |  2375
               +---------+---------+-------+---------+---------+-------+---------
             D |       0 |   25163 |   0.0 |       0 |     103 |   0.0 |  2375
               +---------+---------+-------+---------+---------+-------+---------
